 Dungeon Crawl Stone Soup version 0.31-a0-217-g58bb5d79cf (webtiles) character file.

Game seed: 5725496549937810264

53799 qw the Severer (level 14, -3/92 HPs)
             Began as a Gargoyle Fighter on July 2, 2023.
             Was a High Priest of Okawaru.
             Killed from afar by a deep elf knight (9 damage)
             ... with a shard of ice
             ... on level 11 of the Dungeon.
             The game lasted 00:10:03 (17897 turns).

qw the Severer (Gargoyle Fighter)                  Turns: 17897, Time: 00:10:03

Health: -3/92      AC: 41    Str: 24    XL:     14   Next: 70%
Magic:  19/21      EV:  9    Int: 10    God:    Okawaru [*****.]
Gold:   1121       SH: 11    Dex:  9    Spells: 13/13 levels left

rFire   + . .        b - +0 broad axe (spect)
rCold   . . .        c - +0 buckler
rNeg    + . .        s - +0 plate armour
rPois   inf          C - +2 helmet {SInv}
rElec   +            I - +1 cloak
rCorr   +            q - +2 pair of gloves
SInv    +            n - +1 pair of boots "Polinaqu" {rPois}
Will    +....        o - amulet of reflection Stlth
                     l - ring of resist corrosion
HPRegen 0.35/turn    u - ring of protection from fire
MPRegen 0.17/turn

%: reflection
@: about to teleport, heroic, flying
A: sickness immunity, AC +10, big wings, negative energy resistance 1,
electricity resistance, torment resistance 1, petrification resistance
a: Renounce Religion, Heroism, Finesse, Duel


You were on level 11 of the Dungeon.
You worshipped Okawaru.
Okawaru was extremely pleased with you.
You visited 2 branches of the dungeon, and saw 16 of its levels.
You visited the Abyss 1 time.
You also visited: Ossuary and Gauntlet.

You collected 1121 gold pieces.


Innate Abilities, Weirdness & Mutations

You are immune to sickness and miasma.
Your stone body is resilient. (AC +10)
You are immune to poison.
Your large and strong wings let you fly.
You resist negative energy. (rN+)
You are resistant to electric shocks. (rElec)
You are resistant to unholy torment.
You are immune to petrification.


   Skills:
 - Level 12.0(17.0) Fighting
 + Level 15.0(20.0) Axes
 - Level 6.1(11.1) Throwing
 - Level 12.0(17.0) Armour
 - Level 2.1(7.1) Dodging
 - Level 7.3(12.3) Shields
 - Level 10.0 Invocations


You had 13 spell levels left.
You didn't know any spells.
Your spell library was empty.

Inventory:

Hand Weapons
 b - a +0 spectral broad axe (weapon)
 f - a +7 heavy broad axe
 r - a +0 morningstar
Missiles
 h - a silver boomerang (quivered)
 B - 5 boomerangs
 E - 2 javelins
 F - a silver javelin
Armour
 c - a +0 buckler (worn)
 m - the +6 scale mail "Earthly Heaven" {rPois rC+ rN+ Will-}
   (You found it on level 5 of the Dungeon)

   rC:        It protects you from cold.
   rPois:     It protects you from poison.
   rN:        It protects you from negative energy.
   Will:      It decreases your willpower.
 n - the +1 pair of boots "Polinaqu" (worn) {rPois}
   (You acquired it on level 11 of the Dungeon)

   rPois:     It protects you from poison.
 q - a +2 pair of gloves (worn)
 s - a +0 plate armour (worn)
 v - +0 acid dragon scales
 C - a +2 helmet of see invisible (worn)
 I - a +1 cloak (worn)
Jewellery
 l - a ring of resist corrosion (left hand)
 o - an amulet of reflection (around neck)
 u - a ring of protection from fire (right hand)
 y - a ring of ice
 A - the ring "Kaleose" {rF++ rC- rN+ rCorr Int+2}
   (You found it in a Gauntlet)

   [ring of resist corrosion]

   Int:       It affects your intelligence (+2).
   rF:        It greatly protects you from fire.
   rC:        It makes you vulnerable to cold.
   rN:        It protects you from negative energy.
   rCorr:     It protects you from acid and corrosion.
Scrolls
 i - 2 scrolls of teleportation
 k - 10 scrolls of identify
 G - 3 scrolls of brand weapon
Potions
 a - 4 potions of enlightenment
 d - 4 potions of might
 e - 3 potions of haste
 g - 2 potions of mutation
 j - 2 potions of lignification
 p - 3 potions of magic
 t - 2 potions of resistance
 w - 3 potions of heal wounds
 x - a potion of attraction
 z - 4 potions of curing
 D - a potion of cancellation

Dungeon Overview and Level Annotations

Branches:
Dungeon (11/15)            Temple (0/1) D:6            Lair (5/5) D:9
  Swamp (0/4) Lair:3       Spider (0/4) Lair:2        Slime (0/5) Lair:4
    Orc (0/2) D:10        Ossuary (visited)         Gauntlet (visited)

Altars:
Fedhas
Kikubaaqudgha
Makhleb
Nemelex Xobeh
Okawaru
Qazlal
Ru
Trog
Wu Jian
Xom
Yredelemnul
The Shining One
Jiyva

Shops:
D:4 =

Portals:
Hell: Lair:5
Bailey: D:7

Annotations:
Lair:2 3 runed translucent doors, qw's ghost, journeyman NaHu
Lair:4 2 transporters, qw's ghost, journeyman GrHs


Message History

The deep elf knight unwields a +1 long sword of holy wrath.
It stops glowing.
The deep elf knight wields a +0 shortbow.
The deep elf knight shoots an arrow.
You block the arrow with an invisible shield... and reflect it back!
The arrow misses the deep elf knight.
A manticore comes into view.
Enter note:
Enter note: You hit the fire giant.
The fire giant is lightly wounded.
Your +0 spectral broad axe hits the fire giant!!
The fire giant gestures at you while chanting.
The bolt of fire misses you.
The deep elf knight shoots an arrow.
The arrow hits you but does no damage.
You slice the fire giant!!
The fire giant is heavily wounded.
Your +0 spectral broad axe hits the fire giant.
The fire giant hits you but does no damage.
You completely miss the fire giant.
The fire giant is heavily wounded.
Your +0 spectral broad axe hits the fire giant but does no damage.
You slash the fire giant!
The fire giant is severely wounded.
Your +0 spectral broad axe hits the fire giant!
You block the fire giant's attack.
The deep elf knight casts a spell at you.
The shard of ice hits you!!!
17896 ||| INVOKING Heroism.
You gain the combat prowess of a mighty hero.
Your +0 spectral broad axe disappears.
The fire giant gestures at you while chanting.
The bolt of fire hits you!! You resist.
17897 ||| READING 3 scrolls of teleportation.
As you read the scroll of teleportation, it crumbles to dust.
You feel strangely unstable.
The fire giant hits you but does no damage.
The deep elf knight gestures at you while chanting.
The shard of ice hits you!
You die...

##..#..## #.#.#.#.# #..
#...##}:))[ #.##### #
##))##.....##...# # ##)#
..#...#.#.# #. ##.)#
.e...#...# #.. #..)#
#...#.###
##..#..##..###..#.#.#.#.#
#!..#...#...#...#...#...#
#...#...# #..C@...#...#
#.#####[# ##.....## ## #
###.# ##...## # #...#
##### #. ###.# ...
#.#####.# .... #...#...#
##... #.......# #####
####%####


You could see a fire giant and a deep elf knight.

Vanquished Creatures
  A fire giant (D:11)
  2 dire elephants (Lair:4)
  A minotaur (Gauntlet)
  Josephine (D:10)
  A fire dragon (D:11)
  2 hydras (Lair:5)
  A centaur warrior (D:9)
  A two-headed ogre (D:9)
  2 death yaks (Lair:5)
  Nergalle (Lair:2)
  Sonja (D:11)
  A sun demon (Lair:5)
  5 skysharks
  A wizard (Lair:5)
  A manticore (D:11)
  2 ugly things (D:9)
  3 cyclopes
  An oklob plant (Gauntlet)
  A worldbinder (Gauntlet)
  3 orange demons (Lair:5)
  5 black mambas
  26 elephants
  A torpor snail (Lair:1)
  A smoke demon (Gauntlet)
  2 gargoyles
  5 rime drakes
  An unseen horror (D:10)
  3 kobold demonologists
  6 cane toads
  2 minotaur zombies (Gauntlet)
  5 komodo dragons
  2 ice devils (Lair:5)
  A tengu conjurer (D:11)
  2 polar bears
  Prince Ribbit (D:5)
  A meliai (D:9)
  4 trolls
  A tyrant leech (Lair:3)
  A hellwing (Lair:5)
  A tarantella (shapeshifter) (D:9)
  A blink frog (Lair:5)
  A slime creature (Lair:4)
  8 wraiths
  2 shadows (D:9)
  3 small abominations (Gauntlet)
  4 basilisks
  3 wyverns
  39 yaks
  A steam dragon (D:9)
  3 redbacks (Lair:2)
  A vampire mosquito (D:9)
  Menkaure (D:5)
  A swamp worm (Lair:3)
  9 water moccasins
  4 acid dragons
  5 hell hounds (Lair:5)
  A large abomination (Gauntlet)
  A sky beast (D:7)
  6 orc warriors
  An ice beast (D:5)
  2 black bears
  2 wolves (Lair:4)
  An ogre (D:6)
  5 boggarts
  3 centaurs
  A phantom (D:5)
  7 kobold brigands
  Blork the orc (D:5)
  11 bullfrogs
  5 scorpions
  A wight (D:9)
  A killer bee (D:9)
  3 howler monkeys
  2 electric eels (Lair:5)
  4 crimson imps (Gauntlet)
  4 hounds
  5 jellies
  4 orc priests
  3 iguanas (D:6)
  15 orc wizards
  13 mummies (Ossuary)
  7 adders
  3 gnolls (D:5)
  A white imp (D:8)
  4 worms
  A dart slug (D:3)
  67 orcs
  10 endoplasms
  6 giant cockroaches
  4 goblins
  17 hobgoblins
  2 jackals (D:3)
  5 quokkas
  7 ball pythons
  2 bats
  2 frilled lizards (D:2)
  3 gnoll skeletons (Ossuary)
  26 kobolds
  2 kobold skeletons (Ossuary)
  3 orc skeletons (Ossuary)
  4 rats
  11 rat skeletons (Ossuary)
478 creatures vanquished.

Vanquished Creatures (others)
  A deep elf pyromancer (D:11)
  An orc wizard (D:9)
  A kobold (D:11)
  3 spectral weapons
6 creatures vanquished.

Grand Total: 484 creatures vanquished

Notes
Turn   | Place    | Note
-------+----------+-------------------------------------------
     0 | D:1      | qw the Gargoyle Fighter began the quest for the Orb.
     0 | D:1      | Reached XP level 1. HP: 14/14 MP: 1/1
     0 | D:1      | 0 ||| qw: Version: 0.3-a-40-ge99b1a8
     0 | D:1      | 0 ||| qw: Game counter: 175
     0 | D:1      | 0 ||| qw: Melee chars always use a shield: true
     0 | D:1      | 0 ||| qw: God list: Okawaru
     0 | D:1      | 0 ||| qw: Allow faded altars: false
     0 | D:1      | 0 ||| qw: Do Orc after clearing Dungeon:15 true
     0 | D:1      | 0 ||| qw: Do second Lair branch before Depths: true
     0 | D:1      | 0 ||| qw: Lair rune preference: random
     0 | D:1      | 0 ||| qw: Goals: Normal, Zot:1-4, Slime:5, God:TSO, Crypt,
                  | Tomb, Abyss, Pan, Hells, Win
     0 | D:1      | 0 ||| PLANNING D:1-11
    64 | D:1      | Reached skill level 2 in Axes
   232 | D:1      | 232 ||| Stepping ~*~*~tactically~*~*~ (stealth).
   233 | D:1      | 233 ||| Stepping ~*~*~tactically~*~*~ (stealth).
   237 | D:1      | Reached XP level 2. HP: 19/19 MP: 2/2
   682 | D:1      | 682 ||| UPGRADING to ring of resist corrosion.
   683 | D:1      | 683 ||| READING scroll labelled NUALYTSANIY.
   694 | D:1      | 694 ||| READING scroll labelled CIOHIN YFUYL.
   695 | D:1      | 695 ||| READING scroll labelled QAKEMN XEUCIJ.
   696 | D:1      | 696 ||| READING 2 scrolls labelled MYREDGHASAH.
   697 | D:1      | 697 ||| READING scroll labelled TIAHOH VEDOIBB.
   748 | D:2      | 748 ||| Stepping ~*~*~tactically~*~*~ (stealth).
   785 | D:2      | Reached skill level 3 in Axes
   846 | D:2      | Reached XP level 3. HP: 14/23 MP: 3/3
  1054 | D:2      | 1054 ||| Stepping ~*~*~tactically~*~*~ (stealth).
  1098 | D:2      | 1098 ||| Stepping ~*~*~tactically~*~*~ (stealth).
  1099 | D:2      | 1099 ||| Stepping ~*~*~tactically~*~*~ (stealth).
  1163 | D:2      | 1163 ||| Stepping ~*~*~tactically~*~*~ (stealth).
  1185 | D:2      | 1185 ||| Stepping ~*~*~tactically~*~*~ (stealth).
  1417 | D:2      | Reached XP level 4. HP: 28/28 MP: 4/4
  1579 | D:2      | Identified the +6 rapier "Goch" {spect, Will+ Dex+2}
  1766 | D:2      | 1766 ||| UPGRADING to +0 helmet.
  1771 | D:2      | 1771 ||| UPGRADING to +0 cloak.
  1776 | D:2      | 1776 ||| UPGRADING to +0 pair of gloves.
  1781 | D:2      | 1781 ||| READING scroll labelled YKUGHUTA JETS.
  1782 | D:2      | 1782 ||| READING scroll labelled MANIAFIOSEU.
  1786 | D:2      | 1786 ||| DRINKING 2 brown potions.
  1787 | D:2      | 1787 ||| DRINKING 2 fizzy coppery potions.
  1788 | D:2      | 1788 ||| READING 3 scrolls of identify.
  1788 | D:2      | 1788 ||| IDENTIFYING purple potion
  1789 | D:2      | 1789 ||| READING 2 scrolls of identify.
  1789 | D:2      | 1789 ||| IDENTIFYING dark potion
  1790 | D:2      | 1790 ||| DROPPING potion of degeneration.
  1831 | D:3      | Reached skill level 1 in Throwing
  1886 | D:3      | Reached skill level 4 in Axes
  1931 | D:3      | 1931 ||| DROPPING +0 mace.
  1942 | D:3      | 1942 ||| Stepping ~*~*~tactically~*~*~ (stealth).
  1944 | D:3      | 1944 ||| Stepping ~*~*~tactically~*~*~ (hiding).
  1954 | D:3      | 1954 ||| FLEEEEING.
  1955 | D:3      | 1955 ||| FLEEEEING.
  1956 | D:3      | 1956 ||| FLEEEEING.
  1957 | D:3      | 1957 ||| FLEEEEING.
  1958 | D:3      | 1958 ||| FLEEEEING.
  1959 | D:3      | 1959 ||| FLEEEEING.
  1960 | D:3      | 1960 ||| STAIRDANCE
  1969 | D:2      | Reached XP level 5. HP: 24/32 MP: 5/5
  2000 | D:2      | 2000 ||| READING scroll labelled XET WYSYUNGU.
  2013 | D:3      | 2013 ||| Stepping ~*~*~tactically~*~*~ (stealth).
  2049 | D:3      | 2049 ||| FLEEEEING.
  2050 | D:3      | 2050 ||| FLEEEEING.
  2054 | D:3      | 2054 ||| FLEEEEING.
  2055 | D:3      | 2055 ||| FLEEEEING.
  2056 | D:3      | 2056 ||| STAIRDANCE
  2140 | D:3      | 2140 ||| Stepping ~*~*~tactically~*~*~ (stealth).
  2142 | D:3      | 2142 ||| FLEEEEING.
  2144 | D:3      | 2144 ||| FLEEEEING.
  2145 | D:3      | 2145 ||| FLEEEEING.
  2150 | D:3      | 2150 ||| FLEEEEING.
  2151 | D:3      | 2151 ||| STAIRDANCE
  2185 | D:2      | 2185 ||| UPGRADING to +0 chain mail.
  2195 | D:2      | 2195 ||| DROPPING +0 scale mail.
  2202 | D:3      | Reached skill level 5 in Axes
  2214 | D:3      | 2214 ||| Stepping ~*~*~tactically~*~*~ (stealth).
  2312 | D:3      | Found an ornate altar of the Wu Jian Council.
  2378 | D:3      | Found a sparkling altar of Nemelex Xobeh.
  2393 | D:3      | 2393 ||| FLEEEEING.
  2394 | D:3      | 2394 ||| FLEEEEING.
  2402 | D:3      | 2402 ||| FLEEEEING.
  2407 | D:3      | 2407 ||| FLEEEEING.
  2413 | D:3      | 2413 ||| FLEEEEING.
  2416 | D:3      | 2416 ||| FLEEEEING.
  2419 | D:3      | 2419 ||| FLEEEEING.
  2420 | D:3      | 2420 ||| FLEEEEING.
  2421 | D:3      | 2421 ||| FLEEEEING.
  2422 | D:3      | 2422 ||| FLEEEEING.
  2426 | D:3      | 2426 ||| STAIRDANCE
  2467 | D:3      | 2467 ||| STAIRDANCE
  2491 | D:2      | 2491 ||| SWAPPING to +0 broad axe.
  2492 | D:2      | 2492 ||| DROPPING +0 war axe.
  2518 | D:3      | 2518 ||| Stepping ~*~*~tactically~*~*~ (hiding).
  2520 | D:3      | 2520 ||| Stepping ~*~*~tactically~*~*~ (hiding).
  2713 | D:3      | 2713 ||| DROPPING +0 flail.
  2803 | D:3      | 2803 ||| UPGRADING to amulet of reflection.
  2808 | D:3      | 2808 ||| READING scroll labelled ARYNLELI DACONE.
  2809 | D:3      | 2809 ||| DRINKING 2 bubbling golden potions.
  2835 | D:4      | Reached XP level 6. HP: 38/38 MP: 6/6
  3057 | D:4      | Found the +6 Majin-Bo {spellvamp, MP+6 Int+6}
  3236 | D:4      | Found Joxkeh's Jewellery Emporium.
  3245 | D:4      | 3245 ||| SHOPLISTING +5 ring of evasion (504 gold, have
                  | 207).
  3245 | D:4      | 3245 ||| SHOPLISTING ring of ice (350 gold, have 207).
  3245 | D:4      | 3245 ||| SHOPLISTING ring of positive energy (280 gold,
                  | have 207).
  3377 | D:4      | Found an iron altar of Okawaru.
  3378 | D:4      | 3378 ||| PLANNING OKAWARU WORSHIP
  3380 | D:4      | Became a worshipper of Warmaster Okawaru
  3381 | D:4      | 3381 ||| PLANNING D:1-11
  3391 | D:4      | Found a stormy altar of Qazlal.
  3472 | D:4      | Reached skill level 6 in Axes
  3472 | D:4      | Reached XP level 7. HP: 44/44 MP: 7/7
  3498 | D:4      | Reached skill level 1 in Dodging
  4049 | D:4      | 4049 ||| UPGRADING to ring of protection from fire.
  4050 | D:4      | 4050 ||| READING scroll labelled NILIF IHOAFEMO.
  4051 | D:4      | 4051 ||| DRINKING 2 lumpy clear potions.
  4052 | D:4      | 4052 ||| READING 2 scrolls of identify.
  4052 | D:4      | 4052 ||| IDENTIFYING viscous sapphire potion
  4078 | D:5      | Entered Level 5 of the Dungeon
  4078 | D:5      | Noticed Blork the orc
  4079 | D:5      | 4079 ||| PLANNING OSSUARY
  4088 | D:5      | HP: 9/44 [Blork the orc/+3 halberd of protection (3)]
  4089 | D:5      | 4089 ||| DRINKING potion of heal wounds.
  4091 | D:5      | Killed Blork the orc
  4179 | D:5      | 4179 ||| DRINKING potion of curing.
  4179 | D:5      | 4179 ||| (to cure confusion)
  4180 | D:5      | 4180 ||| FLEEEEING.
  4229 | D:5      | Reached * piety under Okawaru
  4230 | D:5      | Reached skill level 7 in Axes
  4283 | D:5      | Reached skill level 1 in Invocations
  4283 | D:5      | Reached XP level 8. HP: 48/48 MP: 8/8
  4288 | D:5      | Noticed Menkaure
  4289 | D:5      | 4289 ||| Stepping ~*~*~tactically~*~*~ (hiding).
  4295 | D:5      | 4295 ||| INVOKING Heroism.
  4300 | D:5      | Killed Menkaure
  4326 | D:5      | Found a sand-covered staircase.
  4327 | D:5      | 4327 ||| READING 2 scrolls of identify.
  4327 | D:5      | 4327 ||| IDENTIFYING grey potion
  4336 | Ossuary  | Entered an ossuary
  4421 | Ossuary  | 4421 ||| INVOKING Heroism.
  4526 | Ossuary  | 4526 ||| READING scroll of enchant armour.
  4526 | Ossuary  | 4526 ||| ENCHANTING +0 pair of gloves.
  4580 | Ossuary  | Reached skill level 3 in Invocations
  4746 | Ossuary  | 4746 ||| READING 3 scrolls labelled RIOKUW JUMAE.
  4747 | Ossuary  | 4747 ||| READING scroll labelled DEEQADA GUMUB.
  4748 | Ossuary  | 4748 ||| DRINKING 2 sapphire potions.
  4749 | Ossuary  | 4749 ||| DRINKING 2 green potions.
  4854 | Ossuary  | 4854 ||| READING 4 scrolls of identify.
  4854 | Ossuary  | 4854 ||| IDENTIFYING pink potion
  4855 | Ossuary  | 4855 ||| READING 3 scrolls of identify.
  4855 | Ossuary  | 4855 ||| IDENTIFYING amethyst potion
  4856 | Ossuary  | 4856 ||| DROPPING potion of brilliance.
  4857 | Ossuary  | 4857 ||| DROPPING potion of berserk rage.
  4858 | Ossuary  | 4858 ||| DROPPING 2 scrolls of poison.
  4859 | Ossuary  | 4859 ||| DROPPING potion of ambrosia.
  4868 | D:5      | 4868 ||| PLANNING D:1-11
  4893 | D:5      | Identified the +6 scale mail "Earthly Heaven" {rPois rC+
                  | rN+ Will-}
  5033 | D:5      | Noticed Prince Ribbit
  5034 | D:5      | 5034 ||| Stepping ~*~*~tactically~*~*~ (hiding).
  5038 | D:5      | 5038 ||| INVOKING Heroism.
  5054 | D:5      | Killed Prince Ribbit
  5055 | D:5      | Reached skill level 8 in Axes
  5055 | D:5      | 5055 ||| Stepping ~*~*~tactically~*~*~ (stealth).
  5062 | D:5      | 5062 ||| INVOKING Heroism.
  5217 | D:5      | Reached skill level 6 in Fighting
  5217 | D:5      | Reached XP level 9. HP: 54/55 MP: 12/12
  5232 | D:5      | 5232 ||| DRINKING potion of curing.
  5232 | D:5      | 5232 ||| (to cure confusion)
  5348 | D:5      | 5348 ||| INVOKING Heroism.
  5489 | D:5      | 5489 ||| INVOKING Heroism.
  5498 | D:5      | Reached skill level 9 in Axes
  5545 | D:5      | Found the +1 Delatra's gloves {ID++}
  5593 | D:5      | 5593 ||| UPGRADING to +6 scale mail "Earthly Heaven" {rPois
                  | rC+ rN+ Will-}.
  5603 | D:5      | 5603 ||| DROPPING +0 chain mail.
  5710 | D:6      | Found a staircase to the Ecumenical Temple.
  5728 | D:6      | Identified the +2 leather armour "Pial" {rC+}
  5813 | D:6      | 5813 ||| INVOKING Heroism.
  5834 | D:6      | 5834 ||| INVOKING Heroism.
  5840 | D:6      | Noticed a gargoyle
  5840 | D:6      | 5840 ||| Stepping ~*~*~tactically~*~*~ (stealth).
  5841 | D:6      | 5841 ||| Stepping ~*~*~tactically~*~*~ (stealth).
  5847 | D:6      | Killed a gargoyle
  5949 | D:6      | Found a sacrificial altar of Ru.
  5953 | D:6      | 5953 ||| Stepping ~*~*~tactically~*~*~ (stealth).
  6000 | D:6      | Identified the +12 hand axe of Mana {venom, Contam Int+4}
  6002 | D:6      | 6002 ||| DROPPING +0 hand axe.
  6283 | D:6      | 6283 ||| READING 2 scrolls labelled UFILA YSHUL.
  6284 | D:6      | 6284 ||| DROPPING scroll of fog.
  6331 | D:7      | 6331 ||| Stepping ~*~*~tactically~*~*~ (hiding).
  6332 | D:7      | 6332 ||| Stepping ~*~*~tactically~*~*~ (hiding).
  6341 | D:7      | 6341 ||| Stepping ~*~*~tactically~*~*~ (hiding).
  6342 | D:7      | 6342 ||| Stepping ~*~*~tactically~*~*~ (hiding).
  6344 | D:7      | 6344 ||| Stepping ~*~*~tactically~*~*~ (hiding).
  6345 | D:7      | 6345 ||| Stepping ~*~*~tactically~*~*~ (hiding).
  6346 | D:7      | 6346 ||| Stepping ~*~*~tactically~*~*~ (hiding).
  6347 | D:7      | 6347 ||| Stepping ~*~*~tactically~*~*~ (hiding).
  6353 | D:7      | 6353 ||| INVOKING Heroism.
  6367 | D:7      | 6367 ||| INVOKING Heroism.
  6464 | D:7      | 6464 ||| READING scroll of brand weapon.
  6464 | D:7      | 6464 ||| BRANDING +0 broad axe of draining.
  6465 | D:7      | 6465 ||| DROPPING +12 hand axe of Mana {venom, Contam
                  | Int+4}.
  6508 | D:7      | Found a bloodstained altar of Trog.
  6543 | D:7      | Found a flagged portal.
  6589 | D:7      | Found an ancient bone altar of Kikubaaqudgha.
  6795 | D:7      | 6795 ||| UPGRADING to +0 plate armour.
  6805 | D:7      | 6805 ||| READING scroll labelled ZOHUTR HORGHEABA.
  6831 | D:8      | 6831 ||| Stepping ~*~*~tactically~*~*~ (hiding).
  6839 | D:8      | 6839 ||| INVOKING Heroism.
  6904 | D:8      | 6904 ||| Stepping ~*~*~tactically~*~*~ (stealth).
  6911 | D:8      | 6911 ||| INVOKING Heroism.
  7023 | D:8      | 7023 ||| Stepping ~*~*~tactically~*~*~ (stealth).
  7025 | D:8      | 7025 ||| Stepping ~*~*~tactically~*~*~ (hiding).
  7053 | D:8      | Reached XP level 10. HP: 46/63 MP: 13/13
  7133 | D:8      | 7133 ||| Stepping ~*~*~tactically~*~*~ (stealth).
  7134 | D:8      | 7134 ||| Stepping ~*~*~tactically~*~*~ (stealth).
  7137 | D:8      | Reached skill level 6 in Armour
  7168 | D:8      | 7168 ||| Stepping ~*~*~tactically~*~*~ (stealth).
  7247 | D:8      | Reached skill level 10 in Axes
  7572 | D:8      | 7572 ||| Stepping ~*~*~tactically~*~*~ (stealth).
  7573 | D:8      | 7573 ||| Stepping ~*~*~tactically~*~*~ (stealth).
  7575 | D:8      | 7575 ||| Stepping ~*~*~tactically~*~*~ (stealth).
  7716 | D:9      | Noticed a two-headed ogre
  7717 | D:9      | 7717 ||| INVOKING Heroism.
  7727 | D:9      | Killed a two-headed ogre
  7727 | D:9      | Reached ** piety under Okawaru
  7822 | D:9      | Noticed a green ugly thing
  7822 | D:9      | 7822 ||| Stepping ~*~*~tactically~*~*~ (hiding).
  7837 | D:9      | 7837 ||| INVOKING Heroism.
  7838 | D:9      | Noticed a cyan ugly thing
  7841 | D:9      | Killed a green ugly thing
  7847 | D:9      | Noticed a cyclops
  7853 | D:9      | HP: 16/64 [cyan ugly thing (5)]
  7854 | D:9      | 7854 ||| READING 3 scrolls of teleportation.
  7855 | D:9      | 7855 ||| DRINKING 4 potions of heal wounds.
  7978 | D:9      | 7978 ||| INVOKING Heroism.
  7996 | D:9      | 7996 ||| INVOKING Heroism.
  8028 | D:9      | 8028 ||| Stepping ~*~*~tactically~*~*~ (stealth).
  8030 | D:9      | 8030 ||| INVOKING Heroism.
  8034 | D:9      | 8034 ||| Stepping ~*~*~tactically~*~*~ (stealth).
  8052 | D:9      | 8052 ||| INVOKING Heroism.
  8060 | D:9      | Killed a cyclops
  8061 | D:9      | Reached skill level 11 in Axes
  8061 | D:9      | Reached XP level 11. HP: 55/68 MP: 12/14
  8132 | D:9      | 8132 ||| Stepping ~*~*~tactically~*~*~ (stealth).
  8158 | D:9      | Reached skill level 9 in Fighting
  8236 | D:9      | Reached *** piety under Okawaru
  8256 | D:9      | 8256 ||| Stepping ~*~*~tactically~*~*~ (stealth).
  8257 | D:9      | 8257 ||| Stepping ~*~*~tactically~*~*~ (stealth).
  8274 | D:9      | 8274 ||| Stepping ~*~*~tactically~*~*~ (stealth).
  8310 | D:9      | 8310 ||| Stepping ~*~*~tactically~*~*~ (hiding).
  8339 | D:9      | Found a staircase to the Lair.
  8419 | D:9      | Killed a cyan ugly thing
  8450 | D:9      | 8450 ||| Stepping ~*~*~tactically~*~*~ (hiding).
  8451 | D:9      | 8451 ||| Stepping ~*~*~tactically~*~*~ (hiding).
  8569 | D:9      | Noticed a cyclops
  8570 | D:9      | 8570 ||| INVOKING Heroism.
  8579 | D:9      | Killed a cyclops
  8580 | D:9      | Reached skill level 12 in Axes
  8702 | D:9      | 8702 ||| INVOKING Heroism.
  8746 | D:9      | 8746 ||| Stepping ~*~*~tactically~*~*~ (stealth).
  8753 | D:9      | Noticed a centaur warrior
  8754 | D:9      | 8754 ||| Stepping ~*~*~tactically~*~*~ (stealth).
  8774 | D:9      | 8774 ||| Stepping ~*~*~tactically~*~*~ (stealth).
  8775 | D:9      | 8775 ||| Stepping ~*~*~tactically~*~*~ (stealth).
  8776 | D:9      | 8776 ||| Stepping ~*~*~tactically~*~*~ (stealth).
  8777 | D:9      | 8777 ||| Stepping ~*~*~tactically~*~*~ (stealth).
  8783 | D:9      | 8783 ||| Stepping ~*~*~tactically~*~*~ (hiding).
  8786 | D:9      | 8786 ||| Stepping ~*~*~tactically~*~*~ (hiding).
  8793 | D:9      | Killed a centaur warrior
  8794 | D:9      | Reached skill level 9 in Armour
  8963 | D:9      | 8963 ||| Stepping ~*~*~tactically~*~*~ (stealth).
  8974 | D:9      | 8974 ||| Stepping ~*~*~tactically~*~*~ (hiding).
  8975 | D:9      | 8975 ||| Stepping ~*~*~tactically~*~*~ (hiding).
  8977 | D:9      | 8977 ||| Stepping ~*~*~tactically~*~*~ (hiding).
  8978 | D:9      | 8978 ||| Stepping ~*~*~tactically~*~*~ (hiding).
  8983 | D:9      | Reached **** piety under Okawaru
  9115 | D:9      | Found a burning altar of Makhleb.
  9318 | D:9      | Found a glowing golden altar of the Shining One.
  9399 | D:9      | 9399 ||| PLANNING LAIR
  9446 | Lair:1   | Entered Level 1 of the Lair of Beasts
  9469 | Lair:1   | 9469 ||| INVOKING Heroism.
  9499 | Lair:1   | 9499 ||| INVOKING Heroism.
  9509 | Lair:1   | Reached skill level 6 in Shields
  9532 | Lair:1   | 9532 ||| INVOKING Heroism.
  9549 | Lair:1   | 9549 ||| Stepping ~*~*~tactically~*~*~ (stealth).
  9551 | Lair:1   | 9551 ||| Stepping ~*~*~tactically~*~*~ (stealth).
  9558 | Lair:1   | 9558 ||| Stepping ~*~*~tactically~*~*~ (stealth).
  9559 | Lair:1   | 9559 ||| Stepping ~*~*~tactically~*~*~ (stealth).
  9621 | Lair:1   | 9621 ||| INVOKING Heroism.
  9646 | Lair:1   | 9646 ||| FLEEEEING.
  9647 | Lair:1   | 9647 ||| FLEEEEING.
  9648 | Lair:1   | 9648 ||| FLEEEEING.
  9649 | Lair:1   | 9649 ||| FLEEEEING.
  9650 | Lair:1   | 9650 ||| FLEEEEING.
  9651 | Lair:1   | 9651 ||| FLEEEEING.
  9652 | Lair:1   | 9652 ||| FLEEEEING.
  9653 | Lair:1   | 9653 ||| FLEEEEING.
  9654 | Lair:1   | 9654 ||| FLEEEEING.
  9655 | Lair:1   | 9655 ||| FLEEEEING.
  9656 | Lair:1   | 9656 ||| FLEEEEING.
  9657 | Lair:1   | 9657 ||| FLEEEEING.
  9658 | Lair:1   | 9658 ||| FLEEEEING.
  9659 | Lair:1   | 9659 ||| FLEEEEING.
  9660 | Lair:1   | 9660 ||| FLEEEEING.
  9661 | Lair:1   | 9661 ||| FLEEEEING.
  9662 | Lair:1   | 9662 ||| FLEEEEING.
  9663 | Lair:1   | 9663 ||| FLEEEEING.
  9664 | Lair:1   | 9664 ||| FLEEEEING.
  9665 | Lair:1   | 9665 ||| FLEEEEING.
  9666 | Lair:1   | 9666 ||| FLEEEEING.
  9667 | Lair:1   | 9667 ||| FLEEEEING.
  9669 | Lair:1   | 9669 ||| FLEEEEING.
  9670 | Lair:1   | 9670 ||| FLEEEEING.
  9671 | Lair:1   | 9671 ||| FLEEEEING.
  9672 | Lair:1   | 9672 ||| FLEEEEING.
  9673 | Lair:1   | 9673 ||| FLEEEEING.
  9674 | Lair:1   | 9674 ||| INVOKING Heroism.
  9714 | Lair:1   | 9714 ||| INVOKING Heroism.
  9726 | Lair:1   | Reached XP level 12. HP: 72/77 MP: 13/16
  9813 | Lair:1   | 9813 ||| DROPPING +2 heavy flail.
  9978 | Lair:1   | Reached skill level 6 in Invocations
 10123 | Lair:1   | 10123 ||| INVOKING Heroism.
 10434 | Lair:1   | 10434 ||| READING 8 scrolls of identify.
 10434 | Lair:1   | 10434 ||| IDENTIFYING coppery potion
 10509 | Lair:2   | Reached ***** piety under Okawaru
 10513 | Lair:2   | 10513 ||| INVOKING Heroism.
 10734 | Lair:2   | 10734 ||| Stepping ~*~*~tactically~*~*~ (hiding).
 10738 | Lair:2   | 10738 ||| INVOKING Heroism.
 10847 | Lair:2   | Found a runed translucent gate.
 10847 | Lair:2   | Found a runed translucent gate.
 10847 | Lair:2   | Found a runed translucent gate.
 10867 | Lair:2   | Noticed Nergalle
 10868 | Lair:2   | 10868 ||| INVOKING Heroism.
 10883 | Lair:2   | Killed Nergalle
 10956 | Lair:2   | Found a hole to the Spider Nest.
 11115 | Lair:2   | Found a shimmering altar of Xom.
 11308 | Lair:2   | Noticed qw's ghost (journeyman NaHu)
 11311 | Lair:2   | Found a viscous altar of Jiyva.
 11332 | Lair:2   | 11332 ||| DROPPING amulet of regeneration.
 11333 | Lair:2   | 11333 ||| READING scroll labelled VOOTIL ARUCH.
 11355 | Lair:3   | 11355 ||| PLANNING GAUNTLET
 11365 | Lair:3   | Found a dark tunnel.
 11385 | Lair:3   | Reached skill level 13 in Axes
 11490 | Lair:3   | Found a gate leading to a gauntlet.
 11495 | Gauntlet | Entered a Gauntlet
 11495 | Gauntlet | Noticed a cacodemon
 11495 | Gauntlet | Found a transporter.
 11495 | Gauntlet | Found a transporter.
 11495 | Gauntlet | Found a transporter.
 11496 | Gauntlet | Found a transporter.
 11499 | Gauntlet | Found a transporter.
 11515 | Gauntlet | Found a transporter.
 11524 | Gauntlet | Found a transporter.
 11530 | Gauntlet | Found a transporter.
 11547 | Gauntlet | Found a transporter.
 11555 | Gauntlet | Found a transporter.
 11572 | Gauntlet | Found a transporter.
 11624 | Gauntlet | Found a transporter.
 11700 | Gauntlet | 11700 ||| INVOKING Heroism.
 11717 | Gauntlet | Identified the ring "Kaleose" {rF++ rC- rN+ rCorr Int+2}
 11719 | Gauntlet | 11719 ||| DROPPING ring of fire.
 11741 | Gauntlet | 11741 ||| Stepping randomly (stuck).
 11742 | Gauntlet | 11742 ||| Stepping randomly (stuck).
 11743 | Gauntlet | 11743 ||| Stepping randomly (stuck).
 11744 | Gauntlet | 11744 ||| Stepping randomly (stuck).
 11745 | Gauntlet | 11745 ||| Stepping randomly (stuck).
 11746 | Gauntlet | 11746 ||| Stepping randomly (stuck).
 11748 | Gauntlet | 11748 ||| Stepping randomly (stuck).
 11750 | Gauntlet | 11750 ||| Stepping randomly (stuck).
 11871 | Gauntlet | 11871 ||| INVOKING Heroism.
 11872 | Gauntlet | 11872 ||| INVOKING Finesse.
 11873 | Gauntlet | 11873 ||| INVOKING Finesse.
 11930 | Gauntlet | Noticed a minotaur
 11931 | Gauntlet | 11931 ||| Stepping ~*~*~tactically~*~*~ (hiding).
 11935 | Gauntlet | 11935 ||| INVOKING Heroism.
 11948 | Gauntlet | Killed a minotaur
 11949 | Gauntlet | Reached skill level 9 in Invocations
 12081 | Gauntlet | 12081 ||| INVOKING Heroism.
 12299 | Gauntlet | 12299 ||| UPGRADING to +1 helmet of see invisible.
 12309 | Gauntlet | 12309 ||| DROPPING +0 helmet.
 12315 | Lair:3   | 12315 ||| PLANNING LAIR
 12504 | Lair:3   | 12504 ||| Stepping ~*~*~tactically~*~*~ (stealth).
 12668 | Lair:3   | 12668 ||| Stepping ~*~*~tactically~*~*~ (stealth).
 12674 | Lair:3   | 12674 ||| INVOKING Heroism.
 12676 | Lair:3   | 12676 ||| Stepping ~*~*~tactically~*~*~ (hiding).
 12740 | Lair:3   | Found a staircase to the Swamp.
 12892 | Lair:3   | Noticed a skyshark
 12893 | Lair:3   | 12893 ||| Stepping ~*~*~tactically~*~*~ (stealth).
 12900 | Lair:3   | Killed a skyshark
 12901 | Lair:3   | Reached XP level 13. HP: 64/82 MP: 20/20
 13202 | Lair:4   | 13202 ||| Stepping ~*~*~tactically~*~*~ (stealth).
 13208 | Lair:4   | 13208 ||| Stepping ~*~*~tactically~*~*~ (stealth).
 13209 | Lair:4   | 13209 ||| Stepping ~*~*~tactically~*~*~ (stealth).
 13224 | Lair:4   | 13224 ||| INVOKING Heroism.
 13273 | Lair:4   | 13273 ||| Stepping ~*~*~tactically~*~*~ (stealth).
 13274 | Lair:4   | 13274 ||| Stepping ~*~*~tactically~*~*~ (stealth).
 13276 | Lair:4   | 13276 ||| INVOKING Heroism.
 13304 | Lair:4   | 13304 ||| INVOKING Heroism.
 13506 | Lair:4   | 13506 ||| INVOKING Heroism.
 13510 | Lair:4   | Reached skill level 3 in Throwing
 13542 | Lair:4   | Received a gift from Okawaru
 13570 | Lair:4   | Noticed a dire elephant
 13571 | Lair:4   | 13571 ||| Stepping ~*~*~tactically~*~*~ (stealth).
 13588 | Lair:4   | 13588 ||| INVOKING Heroism.
 13591 | Lair:4   | Noticed a dire elephant
 13592 | Lair:4   | 13592 ||| Stepping ~*~*~tactically~*~*~ (stealth).
 13600 | Lair:4   | Killed a dire elephant
 13602 | Lair:4   | Killed a dire elephant
 13603 | Lair:4   | Reached skill level 14 in Axes
 13603 | Lair:4   | Received a gift from Okawaru
 13610 | Lair:4   | 13610 ||| Stepping ~*~*~tactically~*~*~ (stealth).
 13620 | Lair:4   | 13620 ||| FLEEEEING.
 13625 | Lair:4   | 13625 ||| FLEEEEING.
 13626 | Lair:4   | 13626 ||| FLEEEEING.
 13627 | Lair:4   | 13627 ||| FLEEEEING.
 13628 | Lair:4   | 13628 ||| FLEEEEING.
 13629 | Lair:4   | 13629 ||| STAIRDANCE
 13741 | Lair:4   | 13741 ||| Stepping ~*~*~tactically~*~*~ (stealth).
 13811 | Lair:4   | Found a basalt altar of Yredelemnul.
 14094 | Lair:4   | Found a transporter.
 14203 | Lair:4   | Found a transporter.
 14207 | Lair:4   | Noticed qw's ghost (journeyman GrHs)
 14371 | Lair:4   | 14371 ||| Stepping ~*~*~tactically~*~*~ (stealth).
 14393 | Lair:4   | Found a viscous altar of Jiyva.
 14393 | Lair:4   | Found a staircase to the Slime Pits.
 14601 | Lair:4   | 14601 ||| READING 9 scrolls of identify.
 14601 | Lair:4   | 14601 ||| IDENTIFYING emerald potion
 14632 | Lair:5   | Entered Level 5 of the Lair of Beasts
 14666 | Lair:5   | 14666 ||| INVOKING Heroism.
 14669 | Lair:5   | Received a gift from Okawaru
 14743 | Lair:5   | Identified the +6 sling of the Five Wishes {freeze, +Blink
                  | rElec}
 14813 | Lair:5   | 14813 ||| INVOKING Heroism.
 14843 | Lair:5   | 14843 ||| Stepping ~*~*~tactically~*~*~ (stealth).
 14865 | Lair:5   | 14865 ||| INVOKING Heroism.
 14866 | Lair:5   | 14866 ||| INVOKING Finesse.
 14941 | Lair:5   | 14941 ||| INVOKING Heroism.
 14944 | Lair:5   | 14944 ||| SWAPPING to +0 morningstar.
 14949 | Lair:5   | Received a gift from Okawaru
 14950 | Lair:5   | 14950 ||| SWAPPING to +0 spectral broad axe.
 14954 | Lair:5   | 14954 ||| Stepping ~*~*~tactically~*~*~ (stealth).
 15081 | Lair:5   | 15081 ||| Stepping ~*~*~tactically~*~*~ (hiding).
 15170 | Lair:5   | 15170 ||| INVOKING Heroism.
 15172 | Lair:5   | 15172 ||| SWAPPING to +0 morningstar.
 15189 | Lair:5   | Gained mutation: Your large and strong wings let you fly.
                  | [Gargoyle growth]
 15189 | Lair:5   | Reached XP level 14. HP: 58/90 MP: 21/21
 15197 | Lair:5   | 15197 ||| SWAPPING to +0 spectral broad axe.
 15199 | Lair:5   | HP: 11/90 [rime drake/icy flash freeze (17)]
 15200 | Lair:5   | 15200 ||| READING 3 scrolls of teleportation.
 15201 | Lair:5   | 15201 ||| DRINKING 4 potions of heal wounds.
 15298 | Lair:5   | 15298 ||| INVOKING Heroism.
 15507 | Lair:5   | 15507 ||| Stepping ~*~*~tactically~*~*~ (stealth).
 15599 | Lair:5   | 15599 ||| Stepping ~*~*~tactically~*~*~ (stealth).
 15607 | Lair:5   | Received a gift from Okawaru
 15608 | Lair:5   | Reached skill level 15 in Axes
 15840 | Lair:5   | 15840 ||| Stepping ~*~*~tactically~*~*~ (hiding).
 15841 | Lair:5   | 15841 ||| Stepping ~*~*~tactically~*~*~ (hiding).
 15842 | Lair:5   | 15842 ||| Stepping ~*~*~tactically~*~*~ (hiding).
 15851 | Abyss:3  | Cast into level 3 of the Abyss (a wizard)
 15887 | Abyss:3  | Noticed a hellephant
 15900 | Lair:5   | Escaped the Abyss
 15904 | Lair:5   | Reached skill level 6 in Throwing
 15910 | Lair:5   | Found a burning altar of Makhleb.
 15917 | Lair:5   | 15917 ||| INVOKING Heroism.
 15918 | Lair:5   | Received a gift from Okawaru
 16103 | Lair:5   | Found a gateway to Hell.
 16256 | Lair:5   | 16256 ||| PLANNING D:1-11
 16256 | Lair:5   | 16256 ||| DROPPING amulet of guardian spirit.
 16386 | D:10     | Entered Level 10 of the Dungeon
 16499 | D:10     | Noticed Josephine
 16500 | D:10     | 16500 ||| Stepping ~*~*~tactically~*~*~ (hiding).
 16507 | D:10     | Killed Josephine
 16522 | D:10     | 16522 ||| INVOKING Heroism.
 16645 | D:10     | 16645 ||| READING scroll of enchant armour.
 16645 | D:10     | 16645 ||| ENCHANTING +1 pair of gloves.
 16648 | D:10     | Found a staircase to the Orcish Mines.
 16692 | D:10     | 16692 ||| Stepping ~*~*~tactically~*~*~ (hiding).
 16693 | D:10     | 16693 ||| Stepping ~*~*~tactically~*~*~ (hiding).
 16695 | D:10     | 16695 ||| Stepping ~*~*~tactically~*~*~ (hiding).
 16855 | D:10     | Found a blossoming altar of Fedhas.
 16947 | D:10     | 16947 ||| READING scroll of enchant armour.
 16947 | D:10     | 16947 ||| ENCHANTING +1 helmet of see invisible.
 16963 | D:10     | 16963 ||| Stepping ~*~*~tactically~*~*~ (stealth).
 17181 | D:10     | 17181 ||| Stepping ~*~*~tactically~*~*~ (stealth).
 17340 | D:11     | 17340 ||| Stepping ~*~*~tactically~*~*~ (stealth).
 17354 | D:11     | Reached skill level 12 in Fighting
 17524 | D:11     | 17524 ||| Stepping ~*~*~tactically~*~*~ (hiding).
 17570 | D:11     | 17570 ||| Stepping ~*~*~tactically~*~*~ (hiding).
 17571 | D:11     | 17571 ||| Stepping ~*~*~tactically~*~*~ (hiding).
 17624 | D:11     | 17624 ||| UPGRADING to +1 cloak.
 17634 | D:11     | 17634 ||| DROPPING +0 cloak.
 17638 | D:11     | 17638 ||| READING scroll labelled EFIAFUA HUMY.
 17638 | D:11     | Identified a scroll of acquirement
 17638 | D:11     | 17638 ||| ACQUIRING +1 pair of boots "Polinaqu" {rPois}
 17638 | D:11     | Acquired the +1 pair of boots "Polinaqu" {rPois}
 17640 | D:11     | 17640 ||| UPGRADING to +1 pair of boots "Polinaqu" {rPois}.
 17648 | D:11     | Noticed Sonja
 17648 | D:11     | 17648 ||| INVOKING Finesse.
 17664 | D:11     | Killed Sonja
 17699 | D:11     | 17699 ||| FLEEEEING.
 17713 | D:11     | 17713 ||| Stepping ~*~*~tactically~*~*~ (stealth).
 17724 | D:11     | 17724 ||| Stepping ~*~*~tactically~*~*~ (hiding).
 17726 | D:11     | 17726 ||| Stepping ~*~*~tactically~*~*~ (hiding).
 17781 | D:11     | 17781 ||| Stepping ~*~*~tactically~*~*~ (stealth).
 17783 | D:11     | 17783 ||| Stepping ~*~*~tactically~*~*~ (hiding).
 17786 | D:11     | 17786 ||| INVOKING Heroism.
 17787 | D:11     | 17787 ||| INVOKING Finesse.
 17846 | D:11     | Noticed a fire giant
 17847 | D:11     | 17847 ||| Stepping ~*~*~tactically~*~*~ (stealth).
 17856 | D:11     | Killed a fire giant
 17856 | D:11     | Received a gift from Okawaru
 17857 | D:11     | Reached skill level 12 in Armour
 17888 | D:11     | Noticed a fire giant
 17889 | D:11     | 17889 ||| Stepping ~*~*~tactically~*~*~ (stealth).
 17896 | D:11     | 17896 ||| INVOKING Heroism.
 17896 | D:11     | HP: 6/92 [fire giant/bolt of fire (19)]
 17897 | D:11     | 17897 ||| READING 3 scrolls of teleportation.
 17897 | D:11     | Killed from afar by a deep elf knight

Levels and vault maps discovered:
D:1:      lemuel_arrival_rhombus, layout_loops_ring, minmay_ruptured
D:2:      kennysheep_six_static_rooms, layout_basic,
          hangedman_decor_clover_reticule, kennysheep_generic_room_3
D:3:      layout_rooms, nicolae_wu_jian_immortal_techniques,
          nemelex_xobeh_ov_fountains_minmay, minmay_misc_feat_doors,
          dreamdust_mushroom_princess
D:4:      layout_layer_cave, mainiacjoe_overflow_swirl, serial_shops, shop,
          minmay_joined_circles
D:5:      layout_basic, lightli_ossuary_entry_decrepit_ruins,
          pf_guarded_unrand_delatra, uniq_blork_the_orc, uniq_prince_ribbit1,
          uniq_menkaure
D:6:      layout_basic, nicolae_ru_great_annihilating_truth,
          minmay_temple_entry_glass, grunt_ministairs_14, hex_medium
D:7:      layout_rooms, kiku_gazebo_pond_becter, trog_three_pillars_becter,
          enter_bailey_6
D:8:      layout_basic
D:9:      nzn_winding_woodlands_cross [nzn_winding_woodlands_5x15_eye,
          nzn_winding_woodlands_5x15_parted, nzn_winding_woodlands_5x15_jagged,
          nzn_winding_woodlands_5x15_twine,
          nzn_winding_woodlands_15x15_five_gardens], layout_gridville,
          lemuel_tele_altar, mainiacjoe_overflow_24_doors, minmay_holes,
          kb_rosetta
D:10:     layout_irregular_city, fedhas_altar_2, david_orc_2,
          chequers_decorated_corner, grunt_ministairs_14, uniq_josephine
D:11:     minmay_tile_spiral, layout_basic, serial_aquarium,
          aquarium_bridge_long_joined [aquarium_subvault_window,
          aquarium_subvault_window, aquarium_subvault_bridge,
          aquarium_subvault_wall, aquarium_subvault_bridge,
          aquarium_subvault_balcony], aquarium_window_1, aquarium_window_1,
          aquarium_view_2e, aquarium_view_2d, aquarium_pool_1, uniq_sonja
Lair:1:   layout_hall_layers, lemuel_fruit_fields
Lair:2:   layout_regular_city, spider_nest_entry_webs, gammafunk_ghost_ooze,
          basic_altar, uniq_nergalle
Lair:3:   layout_loops_ring, minmay_swamp_entry_worms, gauntlet_entry_generic,
          nicolae_volcano_entry_lava_flow, chequers_serial_rivers_micro_c,
          lemuel_fruit_fields, lemuel_fruit_tree
Lair:4:   beast_lair_carwin_large_4, layout_regular_city,
          minmay_slime_entry_pillars, gammafunk_ghost_berserking_beasts,
          basic_altar, kilobyte_rumbling_trees, lemuel_fruit_fields,
          infiniplex_staircase_pool_2
Lair:5:   evil_forest, layout_small_grid, serial_bayou_shore_a

Skill      XL: |  1  2  3  4  5  6  7  8  9 10 11 12 13 14 |
---------------+-------------------------------------------+-----
Axes           | 2 3 4 5 6 7 8 9 11 12 13 14 15 | 15.0
Throwing       | 1 2 5 6 |  6.1
Fighting       | 4 6 7 8 9 10 11 12 | 12.0
Dodging        | 1 2 |  2.1
Invocations    | 1 4 5 9 10 | 10.0
Armour         | 4 5 7 9 10 12 | 12.0
Shields        | 4 5 6 7 |  7.3

Action                     |  1- 3 |  4- 6 |  7- 9 | 10-12 | 13-15 || total
---------------------------+-------+-------+-------+-------+-------++-------
  Melee: War axe           |   106 |    84 |       |       |       ||   190
         Broad axe         |       |    57 |   326 |   394 |   402 ||  1179
         Morningstar       |       |       |       |       |    29 ||    29
  Throw: Javelin           |       |    42 |       |     9 |    65 ||   116
         Boomerang         |       |    16 |    60 |       |    53 ||   129
 Invoke: Heroism           |       |       |    12 |    23 |    15 ||    50
         Finesse           |       |       |       |     1 |     3 ||     4
    Use: Scroll            |     5 |     6 |    11 |     3 |     6 ||    31
         Potion            |       |     3 |     6 |     1 |     1 ||    11
   Stab: Paralysed         |       |       |     1 |       |       ||     1
         Distracted        |       |       |       |     5 |    10 ||    15
 Armour: Scale mail        |    39 |    35 |    42 |       |       ||   116
         Chain mail        |       |    38 |   100 |       |       ||   138
         Plate armour      |       |       |     8 |   157 |   267 ||   432
  Dodge: Dodged            |    35 |    45 |    69 |    77 |   114 ||   340
  Block: Buckler           |    15 |    47 |   113 |   126 |   174 ||   475
         Reflection        |       |       |     3 |     8 |     4 ||    15

Table legend:
 A = Non-vault XP
 B = Vault XP
 C = Vault XP percentage of total XP
 D = Non-vault monster count
 E = Vault monster count
 F = Vault count percentage of total count
                 A         B        C        D         E       F
            +---------+---------+-------+---------+---------+-------
      Total |   33426 |   43430 |  56.5 |     283 |     197 |  41.0
            +---------+---------+-------+---------+---------+-------
        D:1 |      17 |       6 |  26.1 |      10 |       3 |  23.1
        D:2 |      99 |      24 |  19.5 |      28 |       6 |  17.6
        D:3 |     172 |       0 |   0.0 |      32 |       0 |   0.0
        D:4 |     373 |     204 |  35.4 |      20 |      11 |  35.5
        D:5 |     951 |     755 |  44.3 |      24 |      12 |  33.3
        D:6 |     544 |     456 |  45.6 |       8 |       6 |  42.9
        D:7 |     352 |       0 |   0.0 |      11 |       0 |   0.0
        D:8 |    1250 |       0 |   0.0 |      24 |       0 |   0.0
        D:9 |    3355 |    6323 |  65.3 |      17 |      26 |  60.5
       D:10 |    2317 |    2669 |  53.5 |      26 |      18 |  40.9
       D:11 |    2340 |    5130 |  68.7 |      12 |       8 |  40.0
     Lair:1 |    5806 |       0 |   0.0 |      21 |       0 |   0.0
     Lair:2 |    3482 |    1339 |  27.8 |      12 |       4 |  25.0
     Lair:3 |    1992 |     452 |  18.5 |       6 |       2 |  25.0
     Lair:4 |    3192 |   10181 |  76.1 |      10 |      27 |  73.0
     Lair:5 |    7184 |   11498 |  61.5 |      22 |      26 |  54.2
    Ossuary |       0 |     253 | 100.0 |       0 |      32 | 100.0
   Gauntlet |       0 |    4140 | 100.0 |       0 |      16 | 100.0
            +---------+---------+-------+---------+---------+-------
